 Dungeon Crawl Stone Soup version 0.22-a0-480-g991dd4b2b4 (webtiles) character file.

42 Oirien the Shield-Bearer (level 3, -2/33 HPs)
             Began as a Minotaur Fighter on June 16, 2018.
             Slain by a leopard gecko (3 damage)
             ... on level 2 of the Dungeon.
             The game lasted 00:02:17 (838 turns).

Oirien the Shield-Bearer (Minotaur Fighter)          Turns: 838, Time: 00:02:18

Health: -2/33      AC:  7    Str: 21    XL:     3   Next: 35%
Magic:  2/2        EV:  7    Int:  5    God:
Gold:   57         SH:  9    Dex:  9    Spells: 2/2 levels left

rFire    . . .     SeeInvis .   a - +0 war axe
rCold    . . .     Gourm    .   c - +0 shield
rNeg     . . .     Faith    .   b - +0 scale mail
rPois    .         Spirit   .   (helmet restricted)
rElec    .         Reflect  .   (no cloak)
rCorr    .         Harm     .   (no gloves)
MR       .....                  (no boots)
Stlth    ..........             (no amulet)
HPRegen  0.11/turn              (no ring)
MPRegen  0.08/turn              (no ring)

@: lethally poisoned (-2 -> -6), hasted, very quick
A: retaliatory headbutt, horns 2
a: no special abilities


You were on level 2 of the Dungeon.
You were not hungry.

You visited 1 branch of the dungeon, and saw 2 of its levels.

You collected 57 gold pieces.

Inventory:

Hand Weapons
 a - a +0 war axe (weapon)
Armour
 b - a +0 scale mail (worn)
 c - a +0 shield (worn)
Jewellery
 i - a +3 ring of dexterity {unknown}
Scrolls
 g - a scroll of enchant weapon {unknown}
 h - a scroll of noise {unknown}
 j - 2 scrolls of teleportation {unknown}
 l - 2 scrolls of identify {unknown}
 m - a scroll of enchant armour {unknown}
Potions
 d - a potion of might
Comestibles
 f - 2 rations
 k - a chunk of flesh


   Skills:
 + Level 4.1 Fighting
 + Level 2.9 Axes
 + Level 4.1 Armour
 + Level 4.2 Shields


You had 2 spell levels left.
You didn't know any spells.
Your spell library was empty.

Dungeon Overview and Level Annotations

Branches:
Dungeon (2/15)

Altars:


Innate Abilities, Weirdness & Mutations

You reflexively headbutt those who attack you in melee.
You have a pair of horns on your head.


Message History

* * * LOW HITPOINT WARNING * * *
You feel sick.
It was a potion of haste.
You feel yourself speed up.
The leopard gecko bites you but does no damage.
You hit the leopard gecko but do no damage.
* * * LOW HITPOINT WARNING * * *
You feel sick.
The leopard gecko bites you but does no damage.
You block the leopard gecko's attack.
You barely miss the leopard gecko.
* * * LOW HITPOINT WARNING * * *
You feel sick. The leopard gecko closely misses you.
You closely miss the leopard gecko. Your headbutt misses the leopard gecko.
You block the leopard gecko's attack.
You barely miss the leopard gecko.
* * * LOW HITPOINT WARNING * * *
You feel sick.
The leopard gecko bites you but does no damage.
You miss the leopard gecko. The leopard gecko bites you.
You die...

#### ...
..## ...###
.....#.
####.......
#.lK.......
#@##†......
#.# .......
#.# #......
#.# #...#.
##. #.## .
.# # .


You could see a leopard gecko and a kobold.

Vanquished Creatures
  An adder (D:2)
  2 oozes (D:1)
  2 leopard geckos
  2 giant cockroaches (D:1)
  5 goblins
  A hobgoblin (D:1)
  A kobold (D:1)
  A ball python (D:1)
  5 bats (D:1)
  2 rats (D:1)
22 creatures vanquished.

Notes
Turn   | Place    | Note
-------+----------+-------------------------------------------
     0 | D:1      | Oirien the Minotaur Fighter began the quest for the Orb.
     0 | D:1      | Reached XP level 1. HP: 19/19 MP: 0/0
   250 | D:1      | Reached XP level 2. HP: 23/27 MP: 1/1
   676 | D:1      | Reached XP level 3. HP: 29/33 MP: 2/2
   823 | D:1      | You fall through a shaft!
   837 | D:2      | HP: 1/33 [poisoned by an adder]
   838 | D:2      | Slain by a leopard gecko

Vault maps used:
D:1:      dpeg_arrival_tiny_a
D:2:      lemuel_crystal_altar, serial_co_window_serial, co_window_paths_a,
          co_window_paths_a, co_window_paths_a, co_window_paths_a,
          co_window_of_opportunity_a, co_window_paths_a, co_window_paths_a,
          co_window_corner_b, co_window_corner_b, co_window_corner_cb,
          co_window_corner_b, co_window_of_opportunity_c,
          co_window_of_opportunity_c, co_window_broadway_b, glass_columns_c,
          glass_columns_b, glass_columns_b, glass_columns_a

Skill      XL: |  1  2 |
---------------+-------+-----
Fighting       | 4 |  4.1
Armour         | 4 |  4.1
Shields        | 4 |  4.2
Axes           | |  2.9

Action                   || total
-------------------------++-------
Melee: War axe           ||    83
       Headbutt          ||     4
  Use: Potion            ||     1
Armor: Scale mail        ||    47
Dodge: Dodged            ||    32
Block: Shield            ||    59

Table legend:
 A = Spawn XP
 B = Non-spawn XP
 C = Spawn XP percentage of total XP
 D = Spawn monster count
 E = Non-spawn monster count
 F = Spawn count percentage of total count
 G = Total turns spent on level
                    A         B        C        D         E        F      G
               +---------+---------+-------+---------+---------+-------+---------
         Total |       0 |      61 |   0.0 |       0 |      22 |   0.0 |   838
               +---------+---------+-------+---------+---------+-------+---------
           D:1 |       0 |      42 |   0.0 |       0 |      19 |   0.0 |   821
           D:2 |       0 |      19 |   0.0 |       0 |       3 |   0.0 |    17
               +---------+---------+-------+---------+---------+-------+---------
